 Dungeon Crawl Stone Soup version 0.20.1-1-g8b1a95d (webtiles) character file.

184 Kairos the Shield-Bearer (level 5, -5/42 HPs)
             Began as a Formicid Fighter on Mar 2, 2018.
             Slain by a fire elemental (10 damage)
             ... on level 3 of the Abyss.
             The game lasted 00:07:15 (2282 turns).

Kairos the Shield-Bearer (Formicid Fighter)         Turns: 2282, Time: 00:07:16

Health: -5/42      AC:  4    Str: 17      XL:     5   Next: 95%
Magic:  3/3        EV: 11    Int:  7      God:
Gold:   216        SH:  9    Dex:  6 (7)  Spells: 4/4 levels left

rFire    . . .     SeeInvis +   a - +0 quarterstaff
rCold    . . .     Gourm    .   c - +0 shield
rNeg     . . .     Faith    .   b - +0 scale mail
rPois    .         Spirit   .   (helmet unavailable)
rElec    .         Reflect  .   (no cloak)
rCorr    .         Harm     .   (no gloves)
MR       .....                  (no boots)
Stlth    +.........             p - amulet of regeneration
Regen    0.6/turn               k - ring of stealth
MPRegen  0.1/turn               x - +3 ring of evasion

@: no status effects
A: permanent stasis, dig shafts and tunnels, four strong arms, antennae 3,
[clumsy 2], [deformed body], [low mp 3], [screaming 2], [weak 2], [MP-powered
wands]
a: Dig, Shaft Self


You were on level 3 of the Abyss.
You were very hungry.

You visited 1 branch of the dungeon, and saw 4 of its levels.
You visited the Abyss 1 time.

You collected 216 gold pieces.

Inventory:

Hand Weapons
 a - a +0 quarterstaff (weapon)
Armour
 b - a +0 scale mail (worn)
 c - a +0 shield (worn)
Jewellery
 k - a ring of stealth (left hand)
 p - an amulet of regeneration (around neck)
 x - a +3 ring of evasion (right hand)
Wands
 r - a wand of digging (4/24)
Scrolls
 e - 2 scrolls of identify {unknown}
 g - 4 scrolls of teleportation {unknown}
 j - a scroll of enchant armour {unknown}
 m - 2 scrolls of remove curse {unknown}
 q - a scroll of recharging {unknown}
 v - a scroll of magic mapping {unknown}
Potions
 d - 2 potions of might
 i - 3 potions of curing {unknown}
 l - 2 potions of flight {unknown}
 n - 2 potions of agility {unknown}
 o - a potion of magic {unknown}
 s - a potion of degeneration {unknown}
 t - a potion of brilliance {unknown}
 w - a potion of cancellation {unknown}
 z - 2 potions of heal wounds {unknown}
Comestibles
 f - 4 bread rations
 h - 2 meat rations


   Skills:
 + Level 3.8 Fighting
 + Level 3.7 Staves
 + Level 4.2 Armour
 + Level 0.5 Dodging
 + Level 4.8 Shields


You had 4 spell levels left.
You didn't know any spells.

Dungeon Overview and Level Annotations

Branches:
Dungeon (4/15)
 Temple: D:4-7

Altars:
Trog
Uskayaw

Annotations:
D:4 Eustachio


Innate Abilities, Weirdness & Mutations

You cannot be hasted, slowed, berserked, paralysed or teleported.
You can dig through walls and to a lower floor.
Your four strong arms can wield two-handed weapons with a shield.
You have a pair of large antennae on your head. (SInv)
[You are very clumsy. (Dex -4)]
[Armour fits poorly on your strangely shaped body.]
[Your magical capacity is extremely low. (-30% MP)]
[You sometimes yell uncontrollably at your foes.]
[You are very weak. (Str -4)]
[You expend magic power (3 MP) to strengthen your wands.]


Message History

The fire elemental hits you. The fire elemental burns you!
A wretched star comes into view.
The wretched star glows turbulently.
The orb of energy hits you!
The wretched star pulses with an eldritch light!
You feel your magical essence link to your wands.
The wretched star pulses with an eldritch light!
Your body twists and deforms.
The fire elemental hits you. The fire elemental burns you!
* * * LOW HITPOINT WARNING * * *
The wretched star is engulfed in blazing flames.
A large abomination comes into view.
The wretched star is engulfed in blazing flames.
The wretched star is engulfed in blazing flames.
The wretched star pulses with an eldritch light!
You feel the urge to shout.
You feel a strong urge to yell.
You feel weaker. x2
The fire elemental hits you.
* * * LOW HITPOINT WARNING * * *
The fire elemental burns you!
You die...

. #... . ...#. # . . .##
.....# . . . #...#.. .#
##.. .#..##=.# ###.. .
..#.#..# ### .§... ###.
##......## #.##≈X..≈≈
...#.. ##..###..≈...≈≈§
#E # #..##........≈≈≈ ..
. #....#....@....≈≈≈≈
.##§.##..##.#.##E#.≈≈≈§§
# .. ###.#####§#.≈≈#≈.§
# #§§ .#.....*#..§≈# .
#.# #....##.#..≈§# { . .
#.#..#*§##.≈≈# #.
.......§#§?≈≈#
#.#........≈§# . #
......#..##≈§#


You could see a large abomination and a fire elemental.

Vanquished Creatures
  A bullfrog skeleton (D:3)
  Terence (D:2)
  4 adders (D:3)
  4 worms
  3 dart slugs
  2 leopard geckos (D:2)
  9 orcs (D:3)
  8 bats
  8 goblins
  10 hobgoblins
  A jackal (D:3)
  3 quokkas
  5 frilled lizards
  9 kobolds
  2 rats
70 creatures vanquished.

Notes
Turn   | Place    | Note
-------+----------+-------------------------------------------
     0 | D:1      | Kairos the Formicid Fighter began the quest for the Orb.
     0 | D:1      | Reached XP level 1. HP: 18/18 MP: 1/1
    89 | D:1      | Reached XP level 2. HP: 24/24 MP: 2/2
   520 | D:1      | Reached XP level 3. HP: 29/29 MP: 3/3
   849 | D:2      | Noticed Terence
   861 | D:2      | Killed Terence
   861 | D:2      | Reached XP level 4. HP: 24/35 MP: 4/4
   948 | D:2      | Found a hide-covered altar of Uskayaw.
   948 | D:2      | Found a bloodstained altar of Trog.
  1544 | D:3      | Reached XP level 5. HP: 39/41 MP: 5/5
  2126 | D:4      | Noticed Eustachio
  2158 | D:4      | Cast into level 2 of the Abyss (Eustachio)
  2173 | Abyss:2  | Noticed a small abomination
  2206 | Abyss:3  | Noticed a starcursed mass
  2257 | Abyss:3  | Noticed a fire elemental
  2260 | Abyss:3  | Noticed a wretched star
  2270 | Abyss:3  | Noticed a ynoxinul
  2270 | Abyss:3  | Noticed a spatial vortex
  2275 | Abyss:3  | Noticed a wretched star
  2280 | Abyss:3  | Noticed a large abomination
  2282 | Abyss:3  | Slain by a fire elemental

Skill      XL: |  1  2  3  4 |
---------------+-------------+-----
Armour         | 4 |  4.2
Shields        | 4 |  4.8
Staves         | 3 |  3.7
Fighting       | |  3.8
Dodging        | |  0.5

Action                   |  1- 3 |  4- 6 || total
-------------------------+-------+-------++-------
Melee: Quarterstaff      |    82 |   171 ||   253
 Abil: Dig               |       |     2 ||     2
  Eat: Chunk             |       |     4 ||     4
Armor: Scale mail        |    35 |    73 ||   108
Dodge: Dodged            |    29 |    63 ||    92
Block: Shield            |    42 |    97 ||   139
